 Dungeon Crawl Stone Soup version 0.31-a0-659-gc5a091b79a (webtiles) character file.

Game seed: 1376757303288284678

20920 Malachi the Mimic (level 12, 0/96 HPs)
             Began as a Demonspawn Shapeshifter on Aug 31, 2023.
             Was a High Priest of Dithmenos.
             Slain by a yak (4 damage)
             ... while petrified by a basilisk
             ... on level 1 of the Lair of Beasts.
             The game lasted 00:20:43 (9664 turns).

Malachi the Mimic (Demonspawn Shapeshifter)         Turns: 9664, Time: 00:20:44

Health: 0/96       AC: 10    Str: 19    XL:     12   Next: 49%
Magic:  12/12      EV:  2    Int: 12    God:    Dithmenos [*****.]
Gold:   676        SH:  0    Dex: 13    Spells: 11/11 levels left

rFire   . .          .
                       - Unarmed
rCold   . . .        (no shield)
rNeg    + + +        k - melded +7 chain mail {ponderous}
rPois   ∞            (helmet restricted)
rElec   .            (no cloak)
rCorr   .            I - +0 pair of gloves
SInv    .            (no boots)
Will    +....        e - amulet of regeneration
Stlth   ++           n - ring of poison resistance
HPRegen 1.16/turn    t - ring of willpower
MPRegen 0.13/turn

%: no passive effects
@: maw-form, petrified, sanguine armoured, wreathed by umbra
A: devouring maw, antennae 2, foul stench 1, sanguine armour 2, condensation
shield
a: Begin Untransformation, Renounce Religion, Shadow Step, Shadow Form


You were on level 1 of the Lair of Beasts.
You worshipped Dithmenos.
Dithmenos was extremely pleased with you.
You were a creature with a mouth for a stomach.
You visited 2 branches of the dungeon, and saw 11 of its levels.
You also visited: Sewer and Bailey.

You collected 676 gold pieces.

Inventory:

Missiles
 h - 3 curare-tipped darts
 o - a throwing net (quivered)
 J - 22 poisoned darts
Armour
 k - a +7 chain mail of ponderousness (melded)
 D - +0 steam dragon scales
 I - a +0 pair of gloves (worn)
Jewellery
 b - a ring of wizardry
 e - an amulet of regeneration (around neck)
 n - a ring of poison resistance (left hand)
 t - a ring of willpower (right hand)
 v - a ring of flight
 G - an amulet of faith
Talismans
 c - a beast talisman
 d - a flux talisman
 K - a maw talisman (active)
Wands
 a - a wand of flame (34)
 H - a wand of iceblast (7)
 L - a wand of quicksilver (9)
Scrolls
 g - 3 scrolls of fog
 l - 5 scrolls of immolation
 m - 2 scrolls of vulnerability {unknown}
 p - 3 scrolls of fear {unknown}
 q - a scroll of amnesia {unknown}
 u - 6 scrolls of teleportation
 x - a scroll of enchant weapon {unknown}
 y - a scroll of poison {unknown}
 z - 2 scrolls of blinking {unknown}
 A - a scroll of brand weapon {unknown}
 C - 2 scrolls of summoning {unknown}
 E - 2 scrolls of enchant armour {unknown}
 F - 2 scrolls of revelation {unknown}
Potions
 f - a potion of heal wounds
 i - 2 potions of ambrosia
 j - 2 potions of berserk rage
 r - 5 potions of curing
 s - 4 potions of haste
 w - 3 potions of might
 B - a potion of resistance
 M - a potion of brilliance {unknown}


   Skills:
 + Level 9.4 Fighting
 + Level 7.9 Dodging
 + Level 8.2 Unarmed Combat
 * Level 12.4 Shapeshifting


You had 11 spell levels left.
You didn't know any spells.
Your spell library contained the following spells:

 Spells                   Type           Power      Damage    Failure   Level
 Summon Lightning Spire   Summ/Air       0%         N/A       97%         4
 Alistair's Intoxication  Tmut/Pois      0%         N/A       100%        5
 Borgnjor's Vile Clutch   Necr/Erth      0%         N/A       100%        5
 Summon Mana Viper        Hex/Summ       0%         N/A       100%        5
 Eringya's Noxious Bog    Tmut/Pois      0%         4d6       100%        6
 Spellforged Servitor     Conj/Summ      0%         N/A       100%        7


Dungeon Overview and Level Annotations

Branches:
Dungeon (10/15)            Temple (0/1) D:4            Lair (1/5) D:8
  Sewer (visited)          Bailey (visited)
    Orc: D:9-12

Altars:
Dithmenos
Hepliaklqana
Makhleb
Trog
Vehumet

Shops:
D:4 [   D:5 :

Annotations:
D:8 2 transporters
D:10 Nergalle


Innate Abilities, Weirdness & Mutations

You are a creature with a mouth for a stomach.
Your midsection houses a second, enormous mouth.
You are immune to poison.
You have a pair of antennae on your head.
You may rarely emit foul miasma when damaged in melee.
When seriously injured, your blood forms thick armour. (AC +9)
A meltable shield of frost defends you. (SH +4)


Message History

You hear a bellow!
The yak gores you.
A yak comes into view.
The yak gores you!
Your blood congeals into armour.
The basilisk gazes at you. You resist with almost no effort.
The yak bellows!
The yak gores you. The yak gores you but does no damage.
The basilisk gazes at you. You resist with almost no effort. The yak gores you!
The yak gores you. The yak barely misses you.
The basilisk bites you but does no damage.
A cane toad comes into view.
The yak gores you! x2; The yak gores you but does no damage. x2
The basilisk bites you! The yak gores you but does no damage.
The yak gores you! The yak gores you. The yak gores you but does no damage.
The yak gores you!
The basilisk bites you but does no damage.
The yak gores you. The yak barely misses you. The yak gores you.
The yak gores you!
* * * LOW HITPOINT WARNING * * *
The yak gores you.
* * * LOW HITPOINT WARNING * * *
The yak gores you!
* * * LOW HITPOINT WARNING * * *
You emit a cloud of foul miasma!
The basilisk bites you!
* * * LOW HITPOINT WARNING * * *
The yak gores you!
* * * LOW HITPOINT WARNING * * *
The yak gores you.
* * * LOW HITPOINT WARNING * * *
The yak gores you but does no damage. x2; The yak is engulfed in dark miasma.
The yak is poisoned.
The yak seems to slow down.
The yak gores you.
* * * LOW HITPOINT WARNING * * *
The yak gores you!
* * * LOW HITPOINT WARNING * * *
The basilisk gazes at you. You resist with almost no effort.
The yak is no longer moving slowly.
The yak gores you!
You die...

.........####.
.............
............
...........
.......... ....
.......YF#######.#.#
#...YlY#...^.....#
#.YYWY#.........#
#..YY.#.......#.#
#.....#.......#.#
##.....#.......#.P
#..............#.#
##.............#.#
#......P.......#.#
###.....#.#....#..#
..................#


You could see 8 yaks, a cane toad and a basilisk.

Vanquished Creatures
  3 two-headed ogres (D:9)
  Pikel (D:4)
  An orc knight (Bailey)
  A cane toad (Lair:1)
  A gargoyle (D:10)
  A rime drake (Lair:1)
  Grinder (D:5)
  8 yaks
  A wraith (D:7)
  2 steam dragons
  3 water moccasins
  An acid dragon (D:9)
  An ice beast (D:7)
  An ogre (D:4)
  6 orc warriors
  A centaur (D:8)
  3 kobold brigands
  9 bullfrogs
  A gnoll sergeant (D:5)
  2 scorpions
  16 wights
  3 killer bees (D:9)
  2 howler monkeys
  2 hounds (D:6)
  4 jellies
  6 orc priests
  2 iguanas
  5 orc wizards
  A hell rat (Sewer)
  5 gnolls (D:5)
  16 adders
  A river rat (Sewer)
  A shadow imp (D:6)
  4 white imps
  An ufetubus (D:6)
  2 worms
  4 dart slugs
  18 orcs
  2 bats
  9 endoplasms
  4 giant cockroaches
  11 goblins
  5 hobgoblins
  36 kobolds
  5 quokkas
  7 ball pythons
  3 frilled lizards
  7 rats
230 creatures vanquished.

Notes
Turn   | Place    | Note
-------+----------+-------------------------------------------
     0 | D:1      | Malachi the Demonspawn Shapeshifter began the quest for the
                  | Orb.
     0 | D:1      | Reached XP level 1. HP: 15/15 MP: 1/1
   130 | D:1      | Found a faded altar of an unknown god.
   191 | D:1      | Prayed at the altar of an unknown god.
   191 | D:1      | Became a worshipper of Dithmenos the Shadowed
   191 | D:1      | Reached * piety under Dithmenos
   227 | D:1      | Gained mutation: When seriously injured, your blood forms
                  | armour. (AC +9) [demonic ancestry]
   227 | D:1      | Reached XP level 2. HP: 20/21 MP: 2/2
   804 | D:2      | Reached XP level 3. HP: 26/26 MP: 3/3
   813 | D:2      | Reached skill level 3 in Shapeshifting
   833 | D:1      | Reached ** piety under Dithmenos
  1272 | D:2      | Reached XP level 4. HP: 18/33 MP: 4/4
  1383 | D:2      | You fall into a shaft and drop 1 floor!
  1848 | D:2      | Got the Almanac of the Entourage
  2202 | D:3      | Gained mutation: You have a pair of small antennae on your
                  | head. [demonic ancestry]
  2202 | D:3      | Reached XP level 5. HP: 29/39 MP: 5/5
  3118 | D:4      | Found a bloodstained altar of Trog.
  3179 | D:4      | Noticed an ogre
  3186 | D:4      | Noticed Pikel
  3190 | D:4      | Killed an ogre
  3190 | D:4      | Noticed a lemure
  3191 | D:4      | Reached skill level 4 in Shapeshifting
  3191 | D:4      | Reached XP level 6. HP: 47/47 MP: 6/6
  3198 | D:4      | Killed Pikel
  3199 | D:4      | Reached skill level 5 in Shapeshifting
  3199 | D:4      | Gained mutation: When seriously injured, your blood forms
                  | thick armour. (AC +9) [demonic ancestry]
  3199 | D:4      | Reached XP level 7. HP: 53/53 MP: 7/7
  3391 | D:4      | Found Guem's Armour Shoppe.
  3614 | D:4      | Found a staircase to the Ecumenical Temple.
  4090 | D:5      | Entered Level 5 of the Dungeon
  4195 | D:5      | Noticed Grinder
  4395 | D:5      | Gained mutation: You have a pair of antennae on your head.
                  | [demonic ancestry]
  4395 | D:5      | Reached XP level 8. HP: 60/60 MP: 8/8
  4428 | D:5      | Reached *** piety under Dithmenos
  4521 | D:5      | Killed Grinder
  4522 | D:5      | Reached skill level 5 in Unarmed Combat
  4659 | D:5      | Found Gonnuros's Tiny Tomes.
  4791 | D:5      | Reached skill level 6 in Shapeshifting
  4973 | D:6      | Found a radiant altar of Vehumet.
  5134 | D:6      | Found a glowing drain.
  5207 | D:6      | Reached skill level 5 in Fighting
  5235 | Sewer    | Entered a sewer
  5274 | Sewer    | Reached skill level 5 in Dodging
  5525 | D:6      | Reached XP level 9. HP: 27/68 MP: 9/9
  6004 | D:7      | Reached skill level 7 in Shapeshifting
  6098 | D:7      | Reached **** piety under Dithmenos
  6370 | D:8      | Found a transporter.
  6471 | D:8      | Found a hazy altar of Hepliaklqana.
  6487 | D:8      | Found a flagged portal.
  6532 | Bailey   | Entered a bailey
  6574 | Bailey   | Noticed an orc warlord
  6692 | Bailey   | Noticed an orc knight
  6716 | Bailey   | Killed an orc knight
  6722 | Bailey   | Reached skill level 9 in Shapeshifting
  6722 | Bailey   | Reached XP level 10. HP: 20/82 MP: 10/10
  6902 | Bailey   | Gained mutation: You may rarely emit foul miasma when
                  | damaged in melee. [demonic ancestry]
  6902 | Bailey   | Reached XP level 11. HP: 57/87 MP: 11/11
  6947 | Bailey   | Found a runed translucent gate.
  6949 | Bailey   | Found a runed translucent gate.
  7090 | Bailey   | Found a runed translucent gate.
  7259 | D:8      | Found a staircase to the Lair.
  7408 | D:8      | Reached skill level 11 in Shapeshifting
  7408 | D:8      | Gained mutation: A meltable shield of frost defends you.
                  | (SH +4) [demonic ancestry]
  7408 | D:8      | Reached XP level 12. HP: 85/93 MP: 12/12
  7570 | D:8      | Found a transporter.
  7651 | D:8      | Identified the +3 scale mail "Semela" {Harm}
  7919 | D:9      | Noticed a two-headed ogre
  7928 | D:9      | Killed a two-headed ogre
  7929 | D:9      | Reached skill level 12 in Shapeshifting
  8023 | D:9      | Noticed a two-headed ogre
  8026 | D:9      | Reached ***** piety under Dithmenos
  8035 | D:9      | Killed a two-headed ogre
  8127 | D:9      | Noticed a two-headed ogre
  8137 | D:9      | Killed a two-headed ogre
  8921 | D:10     | Entered Level 10 of the Dungeon
  8976 | D:10     | Found a burning altar of Makhleb.
  8980 | D:10     | Noticed Nergalle
  9005 | D:10     | Noticed a two-headed ogre
  9228 | Lair:1   | Entered Level 1 of the Lair of Beasts
  9663 | Lair:1   | HP: 3/96 [yak (3)]
  9664 | Lair:1   | Slain by a yak

Illustrated notes

Levels and vault maps discovered:
D:1:      wander_arrival_estate, layout_loops_ring,
          chequers_ecumenical_altar_island, minivault_11
D:2:      layout_basic, minmay_fractal_squares_5
D:3:      layout_loops_ring
D:4:      layout_layer_cave, lemuel_coloured_pillars_altar,
          minmay_temple_entry_arrows, serial_shops, shop, uniq_pikel
D:5:      layout_rooms, nicolae_elyvilon_peaceful_grove,
          nicolae_shop_i_like_small_books_too, uniq_grinder
D:6:      layout_rooms, vehumet_crystals, gup_sewer_entry_glass
D:7:      layout_cave_pools, nicolae_titane
D:8:      gammafunk_steamed_eel, layout_loops_ring, kennysheep_mini_moat,
          enter_bailey_6, chequers_ossuary_entry_cave
D:9:      layout_basic
D:10:     layout_big_octagon, lemuel_round_altar,
          nicolae_overflow_crystal_walls, uniq_nergalle
Lair:1:   layout_regular_city, chequers_serial_rivers_large_a

Skill      XL: |  1  2  3  4  5  6  7  8  9 10 11 12 |
---------------+-------------------------------------+-----
Dodging        | 2 3 4 5 7 |  7.9
Unarmed Combat | 3 4 5 7 8 |  8.2
Shapeshifting  | 3 4 5 6 9 11 12 | 12.4
Fighting       | 2 3 4 5 8 9 |  9.4

Action                     |  1- 3 |  4- 6 |  7- 9 | 10-12 || total
---------------------------+-------+-------+-------+-------++-------
  Melee: Unarmed           |   116 |   145 |   386 |   246 ||   893
         Punch             |     3 |     2 |    12 |     8 ||    25
         Maw               |       |       |       |    37 ||    37
  Throw: Throwing net      |       |       |     1 |       ||     1
    Use: Potion            |     1 |     1 |     1 |     2 ||     5
         Scroll            |       |       |       |    11 ||    11
   Stab: Sleeping          |       |     1 |       |       ||     1
         Held in net/web   |       |       |     1 |       ||     1
 Armour: Animal skin       |    61 |    11 |       |       ||    72
         Chain mail        |       |    70 |   214 |   109 ||   393
         Skin              |       |    10 |       |    93 ||   103
         Steam dragon scal |       |       |    62 |    10 ||    72
  Dodge: Dodged            |    91 |    67 |   196 |   163 ||   517
  Block: Other             |       |       |       |    40 ||    40
   Form: Flux              |       |       |     1 |       ||     1
         Maw               |       |       |       |     1 ||     1

Table legend: (Time is in decaauts)
 A = Elapsed time spent in this place.
 B = Non-inter-level travel time spent in this place.
 C = Inter-level travel time spent in this place.
 D = Time resting spent in this place.
 E = Time spent auto-exploring this place.
 F = Levels seen in this place.
 G = Mean time per level.
                   A        B        C        D        E       F      G
               +--------+--------+--------+--------+--------+-----+--------+
         Total |   9708 |   9267 |    441 |   1611 |   5419 |  13 |  746.8 |
       Dungeon |   8500 |   8059 |    441 |   1288 |   5036 |  10 |  850.0 |
          Lair |    429 |    429 |      0 |      0 |    295 |   1 |  429.0 |
         Sewer |    107 |    107 |      0 |      0 |     69 |   1 |  107.0 |
        Bailey |    670 |    670 |      0 |    323 |     18 |   1 |  670.0 |
               +--------+--------+--------+--------+--------+-----+--------+

Top non-repeatable levels by time:
     D:4: 1482 daAuts
     D:9: 1222 daAuts
     D:1: 1019 daAuts
     D:8: 990 daAuts
     D:3: 958 daAuts
     D:6: 793 daAuts
     D:2: 781 daAuts
  Bailey: 670 daAuts
     D:5: 653 daAuts
     D:7: 508 daAuts
  Lair:1: 429 daAuts
   Sewer: 107 daAuts
    D:10: 91 daAuts
